 Dungeon Crawl Stone Soup version 0.24.0-28-g17ded55e90 (webtiles) character file.

Game seed: 14286271507404455460, levelgen mode: deterministic

11373 Delamore the Severer (level 11, 0/99 HPs)
             Began as a Hill Orc Fighter on Nov 11, 2019.
             Was a High Priest of Okawaru.
             Slain by an 11-headed hydra (2 damage)
             ... while petrified by a basilisk
             ... on level 1 of the Lair of Beasts.
             The game lasted 00:25:32 (12995 turns).

Delamore the Severer (Hill Orc Fighter)            Turns: 12995, Time: 00:25:33

Health: 0/99       AC: 27    Str: 23    XL:     11   Next: 76%
Magic:  11/11      EV:  2    Int:  8    God:    Okawaru [*****.]
Gold:   188        SH:  0    Dex: 10    Spells: 10/10 levels left

rFire    . . .     SeeInvis .   x - +2 battleaxe (freeze)
rCold    + . .     Gourm    .   (shield currently unavailable)
rNeg     + + +     Faith    .   i - +4 chain mail
rPois    ∞         Spirit   .   O - +0 helmet
rElec    .         Reflect  +   e - +2 cloak
rCorr    .         Harm     .   j - +0 pair of gloves
MR       .....                  R - +2 pair of boots {Fly}
Stlth    ..........             N - +3 amulet of reflection
HPRegen  0.26/turn              n - +4 ring of protection
MPRegen  0.12/turn              r - ring of protection from cold

@: petrified, flying
A: no striking features
a: Heroism, Finesse, Renounce Religion, Stop Flying


You were on level 1 of the Lair of Beasts.
You worshipped Okawaru.
Okawaru was extremely pleased with you.
You were not hungry.

You visited 3 branches of the dungeon, and saw 13 of its levels.

You collected 748 gold pieces.
You spent 560 gold pieces at shops.

Inventory:

Hand Weapons
 x - a +2 battleaxe of freezing (weapon)
 G - a +0 broad axe of electrocution
Missiles
 I - 5 atropa-tipped darts (quivered)
 L - a throwing net
Armour
 e - a +2 cloak (worn)
 i - a +4 chain mail (worn)
 j - a +0 pair of gloves (worn)
 E - the +1 robe of Words of Power {+Fly rC+++ Str-3 Int-4}
   (You found it on level 9 of the Dungeon)

   It affects your strength (-3).
   It affects your intelligence (-4).
   It renders you almost immune to cold.
   It lets you fly.
 O - a +0 helmet (worn)
 R - a +2 pair of boots of flying (worn)
Jewellery
 b - a +4 ring of dexterity
 c - a +2 ring of strength
 n - a +4 ring of protection (left hand)
 r - a ring of protection from cold (right hand)
 N - a +3 amulet of reflection (around neck)
 P - an uncursed ring of magical power
Wands
 v - a wand of iceblast (8)
 y - a wand of random effects (34)
 C - a wand of flame (13)
 F - a wand of disintegration (11)
 K - a wand of polymorph (9)
 M - a wand of clouds (2)
 S - a wand of digging (5)
Scrolls
 g - 4 scrolls of amnesia
 l - 3 scrolls of fog
 m - 3 scrolls of teleportation
 o - 2 scrolls of blinking
 p - 10 scrolls of remove curse
 q - 2 scrolls of noise
 w - a scroll of enchant weapon
 z - 2 scrolls of enchant armour
 A - 7 scrolls of identify
 H - a scroll of magic mapping
Potions
 a - a potion of flight {unknown}
 d - a potion of might
 h - 3 potions of degeneration {unknown}
 k - a potion of agility {unknown}
 s - a potion of cancellation {unknown}
 t - 5 potions of lignification
 u - 3 potions of curing
 B - a potion of ambrosia {unknown}
 D - a potion of mutation {unknown}
 J - 2 potions of brilliance {unknown}
 Q - 2 potions of haste {unknown}
Comestibles
 f - 19 rations


   Skills:
 * Level 10.0 Fighting
 + Level 19.1 Axes
 * Level 5.8 Armour
   Level 3.2 Shields


You had 10 spell levels left.
You didn't know any spells.
Your spell library contained the following spells:

 Spells                   Type           Power        Failure   Level  Hunger
 Animate Skeleton         Necr           N/A          97%         1    ##.....
 Apportation              Tloc           #.....       97%         1    ##.....
 Confusing Touch          Hex            #.....       97%         1    ##.....
 Corona                   Hex            #......      97%         1    ##.....
 Magic Dart               Conj           #...         97%         1    ##.....
 Shock                    Conj/Air       #...         97%         1    ##.....
 Summon Small Mammal      Summ           #...         97%         1    ##.....
 Ensorcelled Hibernation  Hex/Ice        #.....       99%         2    ###....
 Searing Ray              Conj           #.....       99%         2    ###....
 Swiftness                Chrm/Air       #.......     99%         2    ###....
 Confuse                  Hex            #.......     100%        3    ####...
 Dazzling Spray           Conj/Hex       #.....       100%        3    ####...
 Static Discharge         Conj/Air       #.......     100%        3    ####...
 Tukima's Dance           Hex            #.......     100%        3    ####...
 Airstrike                Air            #.........   100%        4    #####..
 Force Lance              Conj/Tloc      #.......     100%        4    #####..
 Fulminant Prism          Conj/Hex       #.........   100%        4    #####..
 Iskenderun's Mystic Bla  Conj           #.......     100%        4    #####..
 Summon Lightning Spire   Summ/Air       #.......     100%        4    #####..
 Lightning Bolt           Conj/Air       #.........   100%        5    ######.
 Silence                  Hex/Air        #.........   100%        5    ######.
 Conjure Ball Lightning   Conj/Air       #.........   100%        6    #######
 Deflect Missiles         Chrm/Air       #.........   100%        6    #######
 Tornado                  Air            #.........   100%        9    #######


Dungeon Overview and Level Annotations

Branches:
Dungeon (10/15)            Temple (1/1) D:4            Lair (2/6) D:8
    Orc (0/2) D:10
  Swamp: Lair:2-4    Shoals: Lair:2-4     Snake: Lair:2-4    Spider: Lair:2-4

Altars:
Ashenzari
Cheibriados
Dithmenos
Elyvilon
Fedhas
Gozag
Hepliaklqana
Kikubaaqudgha
Makhleb
Nemelex Xobeh
Okawaru
Qazlal
Ru
Sif Muna
Trog
Uskayaw
Vehumet
Wu Jian
Xom
Yredelemnul
Zin
The Shining One

Shops:
D:4 !   D:9 **?*(   D:10 }


Message History

The 11-headed hydra bites you but does no damage.
The 11-headed hydra bites you but does no damage. x2
The 11-headed hydra completely misses you.
The 11-headed hydra bites you but does no damage. x2
The 11-headed hydra bites you.
The 11-headed hydra bites you but does no damage.
The 11-headed hydra bites you!
* * * LOW HITPOINT WARNING * * *
The 11-headed hydra bites you!
* * * LOW HITPOINT WARNING * * *
The 11-headed hydra bites you but does no damage. x2
The 11-headed hydra bites you but does no damage. x3
The 11-headed hydra bites you.
* * * LOW HITPOINT WARNING * * *
The 11-headed hydra bites you but does no damage. x2
The 11-headed hydra bites you!
* * * LOW HITPOINT WARNING * * *
The 11-headed hydra bites you but does no damage.
The 11-headed hydra bites you.
You die...

#.#.### ### ##.###
##.# #..# #..# ##.#
##..# ##.## #...#
#...#######..##
##..##..##...#
##..†........#
##..D@...(....#
#.....##.#....#
##.....####....# ##
#......####....##
.#
##......#.#......#
.#
##.......#.......##
.#
#........#........#
##
#.................#
##
#.................#


You could see a 11-headed hydra.

Vanquished Creatures
  The ghost of rrobere the Grappler, a journeyman TrBe of Trog (D:10)
  An unseen horror (D:10)
  Pikel (D:9)
  A black mamba (Lair:1)
  A freezing wraith (D:10)
  A komodo dragon (Lair:1)
  2 trolls
  Prince Ribbit (D:6)
  4 blink frogs (Lair:2)
  2 hippogriffs
  Grinder (D:4)
  5 yaks
  A wyvern (D:8)
  A wraith (D:10)
  2 basilisks (Lair:1)
  A hungry ghost (D:8)
  Menkaure (D:4)
  4 porcupines
  4 water moccasins
  An orc warrior (D:10)
  2 sky beasts
  A hornet zombie (D:9)
  4 black bears
  2 slaves (D:9)
  An ice beast (D:7)
  A phantom (D:7)
  5 ogres
  2 centaurs
  5 crocodiles
  5 bullfrogs
  A wyvern zombie (D:10)
  2 scorpions
  4 wights
  3 howler monkeys (D:9)
  3 electric eels (D:7)
  6 crimson imps
  A bullfrog zombie (D:10)
  A gnoll shaman (D:2)
  A quasit (D:8)
  5 orc priests
  Crazy Yiuf (D:4)
  4 jellies
  2 bullfrog skeletons
  3 hounds
  12 orc wizards
  3 iguanas
  8 worker ants
  A killer bee zombie (D:9)
  A hound skeleton (D:5)
  2 hound zombies
  7 gnolls
  9 adders
  2 shadow imps
  3 oozes
  2 adder zombies
  An adder skeleton (D:8)
  11 dart slugs
  3 worms
  11 leopard geckos
  40 orcs
  4 giant cockroaches
  8 goblins
  9 hobgoblins
  17 jackals
  17 kobolds
  7 quokkas
  A ball python (D:6)
  7 bats
  5 frilled lizards
  2 leopard gecko skeletons (D:5)
  7 rats
301 creatures vanquished.

Vanquished Creatures (others)
  A slave (D:9)
  A dart slug (D:7)
  3 fungi (D:8)
5 creatures vanquished.

Grand Total: 306 creatures vanquished

Notes
Turn   | Place    | Note
-------+----------+-------------------------------------------
     0 | D:1      | Delamore the Hill Orc Fighter began the quest for the Orb.
     0 | D:1      | Reached XP level 1. HP: 19/19 MP: 1/1
    77 | D:1      | Reached skill level 3 in Axes
   171 | D:1      | Reached XP level 2. HP: 26/26 MP: 2/2
   206 | D:1      | Reached skill level 4 in Axes
   327 | D:1      | Reached XP level 3. HP: 30/31 MP: 3/3
   554 | D:2      | Reached skill level 5 in Axes
   661 | D:2      | Reached XP level 4. HP: 31/39 MP: 4/4
   936 | D:2      | Reached skill level 6 in Axes
  1263 | D:2      | Found a glowing golden altar of the Shining One.
  1708 | D:3      | Reached XP level 5. HP: 45/45 MP: 5/5
  1784 | D:2      | Reached skill level 7 in Axes
  1974 | D:3      | Reached skill level 8 in Axes
  1974 | D:3      | Reached XP level 6. HP: 43/51 MP: 6/6
  2813 | D:4      | Reached skill level 9 in Axes
  2815 | D:4      | Noticed Grinder
  2817 | D:4      | Paralysed by Grinder for 2 turns
  2823 | D:4      | Paralysed by Grinder for 2 turns
  2828 | D:4      | Paralysed by Grinder for 3 turns
  2838 | D:4      | Paralysed by Grinder for 5 turns
  2849 | D:4      | Killed Grinder
  2849 | D:4      | Reached skill level 10 in Axes
  2849 | D:4      | Reached XP level 7. HP: 21/57 MP: 7/7
  3057 | D:4      | Found a shattered altar of Ashenzari.
  3117 | D:4      | Noticed Menkaure
  3232 | D:4      | Found Danul's Distillery.
  3261 | D:4      | Found a staircase to the Ecumenical Temple.
  3290 | D:4      | Bought a potion of heal wounds for 65 gold pieces
  3475 | D:4      | Found a runed translucent door.
  3476 | D:4      | Noticed Crazy Yiuf
  3486 | D:4      | Killed Crazy Yiuf
  3631 | D:5      | Entered Level 5 of the Dungeon
  3719 | D:5      | Reached skill level 11 in Axes
  3972 | D:5      | Reached XP level 8. HP: 64/64 MP: 8/8
  4135 | D:5      | Reached skill level 12 in Axes
  4478 | D:5      | Found a sparkling altar of Nemelex Xobeh.
  5239 | D:4      | Killed Menkaure
  5239 | D:4      | Reached skill level 13 in Axes
  5247 | Temple   | Entered the Ecumenical Temple
  5445 | Temple   | Became a worshipper of Warmaster Okawaru
  5655 | D:6      | Noticed Prince Ribbit
  6107 | D:6      | Killed Prince Ribbit
  6107 | D:6      | Reached * piety under Okawaru
  6107 | D:6      | Reached skill level 14 in Axes
  6107 | D:6      | Reached XP level 9. HP: 68/70 MP: 9/9
  7036 | D:7      | Reached skill level 15 in Axes
  7570 | D:7      | Reached ** piety under Okawaru
  7570 | D:7      | Reached skill level 16 in Axes
  8023 | D:8      | Found a staircase to the Lair.
  8112 | D:8      | Reached XP level 10. HP: 66/77 MP: 10/10
  8115 | D:8      | Identified a scroll of acquirement
  8156 | D:8      | Reached skill level 17 in Axes
  8209 | D:8      | Reached *** piety under Okawaru
  9028 | D:9      | Found Sokham's General Store.
  9030 | D:9      | Noticed Pikel
  9039 | D:9      | Killed Pikel
  9039 | D:9      | Reached skill level 5 in Fighting
  9119 | D:9      | Found Woumuturuh's Assorted Antiques.
  9132 | D:9      | Reached **** piety under Okawaru
  9153 | D:9      | Bought a scroll labeled XUPHOSHR MEAKIRGH for 31 gold
                  | pieces
  9305 | D:9      | Reached skill level 18 in Axes
  9387 | D:9      | Found Ofysir's Assorted Antiques.
  9390 | D:9      | Bought a lumpy platinum amulet for 160 gold pieces
  9391 | D:9      | Found Ytuej's Antique Weapon Emporium.
  9515 | D:9      | Found Saameg's Magic Scroll Emporium.
  9607 | D:9      | Found a hazy altar of Hepliaklqana.
  9625 | D:9      | Got a heavy robe
  9626 | D:9      | Identified the +1 robe of Words of Power {+Fly rC+++ Str-3
                  | Int-4} (You found it on level 9 of the Dungeon)
  9646 | D:9      | Found a stormy altar of Qazlal.
  9649 | D:9      | Found an opulent altar of Gozag.
  9658 | D:9      | Found an ornate altar of the Wu Jian Council.
  9725 | D:10     | Entered Level 10 of the Dungeon
  9745 | D:10     | Found a transporter.
  9807 | D:10     | Killed an unseen horror
  9975 | D:10     | Found a transporter.
  9975 | D:10     | Noticed rrobere's ghost (journeyman TrBe)
  9976 | D:10     | Noticed a death knight
 10153 | D:10     | Found Obuxt's Gadget Emporium.
 10200 | D:10     | Reached XP level 11. HP: 92/92 MP: 11/11
 10297 | D:10     | Found a staircase to the Orcish Mines.
 10631 | D:10     | Reached ***** piety under Okawaru
 10649 | D:10     | Killed rrobere's ghost
 11326 | D:9      | Bought a glowing battleaxe for 304 gold pieces
 11374 | Lair:1   | Entered Level 1 of the Lair of Beasts
 11606 | Lair:1   | Found a basalt altar of Yredelemnul.
 11697 | Lair:1   | Reached skill level 5 in Armour
 12109 | Lair:2   | Reached skill level 19 in Axes
 12365 | Lair:2   | Received a gift from Okawaru
 12602 | Lair:2   | Noticed a four-headed hydra
 12991 | Lair:1   | Reached skill level 10 in Fighting
 12995 | Lair:1   | HP: 2/99 [11-headed hydra (5)]
 12995 | Lair:1   | Slain by an 11-headed hydra

Levels and vault maps discovered:
D:1:      roderic_chinese_lattice_arrival, layout_basic
D:2:      kennysheep_big_flooded_room, layout_loops_cross, tso_oasis_becter
D:3:      layout_loops_ring
D:4:      layout_basic, cheibrodos_ashenzari_chains,
          minmay_temple_entry_from_below_a, serial_shops,
          nicolae_shop_waterfront, uniq_grinder, uniq_crazy_yiuf_cottage,
          uniq_menkaure
D:5:      layout_basic, first_ration, nemelex_diamond_rough_becter
D:6:      layout_loops_ring, eino_tiny_chamber, uniq_prince_ribbit1
D:7:      kennysheep_slugbush, layout_loops_corners
D:8:      layout_gridville, due_lair_maze_entry_diamond
D:9:      layout_small_grid, grunt_temple_overflow_cloverleaf, serial_shops,
          nicolae_shop_crystal, kennysheep_mini, shop, shop, shop, uniq_pikel
D:10:     layout_loops_ring, hiddenorc1_lemuel, serial_shops,
          nicolae_shop_waterfront, gammafunk_ghost_mausoleum
Temple:   eino_temple_scatter_basement
Lair:1:   layout_layer_cave, basic_altar, infiniplex_staircase_pool_2,
          lemuel_fruit_tree
Lair:2:   layout_gridlike, grunt_megastairs_3, lemuel_fruit_fields

Skill      XL: |  1  2  3  4  5  6  7  8  9 10 11 |
---------------+----------------------------------+-----
Axes           | 3 4 5 6 8 10 11 14 16 18 19 | 19.1
Fighting       | 7 10 | 10.0
Armour         | 5 |  5.8
Shields        | |  3.2

Action                   |  1- 3 |  4- 6 |  7- 9 | 10-12 || total
-------------------------+-------+-------+-------+-------++-------
Melee: War axe           |    87 |   164 |   428 |     2 ||   681
       Spear             |    25 |   171 |       |       ||   196
       Broad axe         |       |       |       |   194 ||   194
       Battleaxe         |       |       |       |    77 ||    77
Invok: Heroism           |       |       |       |     1 ||     1
Evoke: Wand              |       |       |     7 |     4 ||    11
  Use: Scroll            |     8 |     2 |       |     6 ||    16
       Potion            |       |     1 |       |     3 ||     4
  Eat: Chunk             |       |     7 |    14 |    14 ||    35
       Ration            |       |       |     1 |     1 ||     2
Armor: Scale mail        |    50 |     8 |       |       ||    58
       Chain mail        |       |   259 |   214 |   289 ||   762
Dodge: Dodged            |    37 |   100 |    62 |    57 ||   256
Block: Shield            |    53 |   198 |   158 |   112 ||   521
       Other             |       |       |       |    14 ||    14
